 Dungeon Crawl Stone Soup version 0.29.0-11-gd7f09526c8 (webtiles) character file.

Game seed: 4742685667234225223

173 runemasterragnar the Changer (level 5, 0/63 HPs)
             Began as a Draconian Transmuter on Sept 6, 2022.
             Slain by a worm (4 damage)
             ... on level 4 of the Dungeon.
             The game lasted 00:03:43 (3135 turns).

runemasterragnar the Changer (Draconian Transmuter) Turns: 3135, Time: 00:03:43

Health: 0/63       AC:  2    Str: 13    XL:     5   Next: 28%
Magic:  9/9        EV:  2    Int: 15    God:
Gold:   174        SH:  0    Dex: 11    Spells: 3/9 levels left

rFire   . . .      SeeInvis .     - Unarmed
rCold   . . .      Faith    .   (no shield)
rNeg    . . .      Spirit   .   (body armour unavailable)
rPois   +          Reflect  .   (helmet currently unavailable)
rElec   .          Harm     .   (cloak currently unavailable)
rCorr   .          Rampage  .   (gloves currently unavailable)
Will    .....      NoTele   +   (boots currently unavailable)
Stlth   +.........              (no amulet)
HPRegen 0.20/turn               (no ring)
MPRegen 0.11/turn               (no ring)

@: tree-form (expiring), corroded
A: stationary, stasis, torment immunity, boosted hp, AC +5, unfitting armour,
(cold-blooded)
a: no special abilities


You were on level 4 of the Dungeon.
You were a tree.
You visited 1 branch of the dungeon, and saw 4 of its levels.

You collected 174 gold pieces.

Inventory:

Hand Weapons
 p - a +4 quarterstaff of pain
Magical Staves
 f - a staff of conjuration
Jewellery
 n - a ring of fire
Scrolls
 b - a scroll of teleportation {unknown}
 c - a scroll of magic mapping {unknown}
 g - a scroll of fear {unknown}
 i - a scroll of silence {unknown}
 k - a scroll of fog {unknown}
 l - 2 scrolls of enchant armour
 m - a scroll of enchant weapon {unknown}
 o - a scroll of vulnerability {unknown}
Potions
 d - 2 potions of brilliance
 h - 2 potions of ambrosia
 q - a potion of curing


   Skills:
 + Level 2.4 Fighting
 + Level 2.5 Dodging
 + Level 3.6 Unarmed Combat
 + Level 2.7 Spellcasting
 * Level 3.6 Transmutations


You had 3 spell levels left.
You knew the following spells:

 Your Spells              Type           Power      Damage    Failure   Level
a - Beastly Appendage     Tmut           26%        N/A       4%          1
b - Wereblood             Tmut           13%        N/A       7%          2
c - Spider Form           Tmut/Pois      7%         N/A       28%         3

Your spell library contained the following spells:

 Spells                   Type           Power      Damage    Failure   Level
 Slow                     Hex            8%         N/A       21%         1
 Confusing Touch          Hex            2%         N/A       52%         3
 Vampiric Draining        Necr           2%         2d6       52%         3
 Ice Form                 Ice/Tmut       7%         N/A       67%         4
 Yara's Violent Unravell  Hex/Tmut       3%         3d4       95%         5
 Enfeeble                 Hex            1%         N/A       100%        7


Dungeon Overview and Level Annotations

Branches:
Dungeon (4/15)
 Temple: D:4-7

Altars:


Innate Abilities, Weirdness & Mutations

You are a tree.
Your roots penetrate the ground, keeping you stationary.
You cannot be teleported.
You are immune to unholy pain and torment.
Your maximum health is greatly increased.
Your equipment is partially melded.
((Your plain brown scales are hard. (AC +5)))
You cannot fit into any form of body armour.
((You are cold-blooded and may be slowed by cold attacks.))


Message History

The jelly hits you but does no damage.
Unknown command.
You smack the jelly!
You kill the jelly!
Unknown command.
You feel much better.
You hit the worm but do no damage.
The worm is lightly wounded.
The worm bites you!
You hit the worm but do no damage.
The worm is lightly wounded.
You hit the worm but do no damage.
The worm is lightly wounded.
The worm bites you!
You hit the worm.
The worm is lightly wounded.
You hit the worm but do no damage.
The worm is lightly wounded.
The worm bites you.
* * * LOW HITPOINT WARNING * * *
You hit the worm.
The worm is moderately wounded.
The worm bites you.
* * * LOW HITPOINT WARNING * * *
You smack the worm!
The worm is severely wounded.
Your transformation is almost over.
You hit the worm but do no damage.
The worm is severely wounded.
The worm barely misses you.
You hit the worm but do no damage.
The worm is severely wounded.
You hit the worm but do no damage.
The worm is severely wounded.
The worm bites you!
* * * LOW HITPOINT WARNING * * *
You hit the worm but do no damage.
The worm is severely wounded.
The worm bites you.
You die...

#.# #. #.# #. #.##<###
##.# #......# ##.?.##
######.# ##.....## ###
#.# ##.......##
##.###.##
#.........####.....#.#
..........w♣..[...#.##
.....^....####...(###
.#.......## ##.#.#
##.....## ###.#
##...## #.# ##+# #.#
#.# #.# #.#


You could see a worm.

Vanquished Creatures
  A hound (D:4)
  2 jellies
  3 adders (D:2)
  2 worms
  4 endoplasms
  2 giant cockroaches
  4 goblins
  4 hobgoblins
  10 ball pythons
  6 bats
  4 kobolds
  2 rats
44 creatures vanquished.

Notes
Turn   | Place    | Note
-------+----------+-------------------------------------------
     0 | D:1      | runemasterragnar the Draconian Transmuter began the quest
                  | for the Orb.
     0 | D:1      | Reached XP level 1. HP: 16/16 MP: 3/3
   742 | D:1      | Reached XP level 2. HP: 23/23 MP: 5/5
   807 | D:1      | Found a faded altar of an unknown god.
  1195 | D:2      | Reached XP level 3. HP: 14/28 MP: 6/6
  1533 | D:2      | Learned a level 2 spell: Wereblood
  1537 | D:2      | Learned a level 3 spell: Spider Form
  2399 | D:3      | Reached XP level 4. HP: 30/36 MP: 3/7
  3099 | D:4      | Reached XP level 5. HP: 24/41 MP: 6/8
  3135 | D:4      | Slain by a worm

Illustrated notes

Levels and vault maps discovered:
D:1:      dreamdust_arrival_sigmund_warning, layout_loops_ring,
          shapermc_ecumenical_altar_venn, minmay_close_crescents
D:2:      layout_loops_ring, minmay_shallow_snake_nest
D:3:      layout_basic
D:4:      layout_loops_corners, gammafunk_ghost_cemetery, serial_glass,
          glass_columns_c, glass_columns_b, feat_on_display, item_on_display_a,
          feat_on_display, item_on_display_a

Skill      XL: |  1  2  3 |
---------------+----------+-----
Dodging        | 2 |  2.5
Transmutations | 3 |  3.6
Fighting       | 2 |  2.4
Unarmed Combat | |  3.6
Spellcasting   | |  2.7

Action                   |  1- 3 |  4- 6 || total
-------------------------+-------+-------++-------
Melee: Unarmed           |    28 |    19 ||    47
       Tailslap          |     8 |     1 ||     9
       Kick              |    14 |     9 ||    23
       Staff             |    67 |    33 ||   100
       Headbutt          |    10 |     5 ||    15
       Punch             |     1 |       ||     1
 Cast: Beastly Appendage |    20 |    10 ||    30
       Wereblood         |     2 |       ||     2
  Use: Scroll            |     3 |     2 ||     5
       Potion            |       |     3 ||     3
Armor: Skin              |    20 |    19 ||    39
Dodge: Dodged            |    75 |    20 ||    95
